AA NE
HARRISBURG SENATORS @ PORTLAND SEA DOGS
05/12/2042
 
TOP OF THE 1ST
Harrisburg Senators batting - Pitching for Portland Sea Dogs : RHP António Martínez
Pitching: RHP António Martínez
Batting: RHB Jeff Lee 0-0: Called Strike
0-1: Called Strike
0-2: Ball
1-2: Fly out, F6 (Line Drive, 6, EV 77.5 MPH)
Batting: RHB Enrico Rodríguez 0-0: Ball
1-0: Foul Ball, location: 3DF
1-1: Fly out, F9 (Flyball, 9S, EV 88.8 MPH)
Batting: RHB Esteban Gonzáles 0-0: Swinging Strike
0-1: Ground out 1-3 (Groundball, P, EV 69.4 MPH)
Top of the 1st over - 0 runs, 0 hits, 0 errors, 0 left on base; Harrisburg 0 - Portland 0
BOTTOM OF THE 1ST
Portland Sea Dogs batting - Pitching for Harrisburg Senators : RHP Tim Bailey
Pitching: RHP Tim Bailey
Batting: RHB Donnie Perry 0-0: Called Strike
0-1: Swinging Strike
0-2: Foul Ball, location: 2F
0-2: Ball
1-2: Ball
2-2: Fly out, F9 (Flyball, 89S, EV 78.1 MPH)
Batting: LHB Dave Duarte 0-0: Called Strike
0-1: Called Strike
0-2: Ball
1-2: Ball
2-2: Ball
3-2: Foul Ball, location: 2F
3-2: Fly out, F6 (Popup, 6MS, EV 69.4 MPH)
Batting: LHB Wally Hess 0-0: Swinging Strike
0-1: Fly out, F7 (Flyball, 7S, EV 95.0 MPH)
Bottom of the 1st over - 0 runs, 0 hits, 0 errors, 0 left on base; Harrisburg 0 - Portland 0
TOP OF THE 2ND
Harrisburg Senators batting - Pitching for Portland Sea Dogs : RHP António Martínez
Batting: LHB Josh Battle 0-0: Foul Ball, location: 2F
0-1: Ball
1-1: Ground out 3-1 (Groundball, 34S, EV 81.9 MPH)
Batting: RHB Stan Boone 0-0: SOLO HOME RUN (Flyball, 89XD, EV 106.9 MPH), Distance : 415 ft
Batting: LHB César Cantú 0-0: Ball
1-0: Ball
2-0: Called Strike
2-1: Ball
3-1: Called Strike
3-2: Base on Balls
Batting: RHB Honório Barracho 0-0: Ball
1-0: SINGLE (Line Drive, 78S, EV 109.4 MPH)
César Cantú to second
Batting: RHB Juan Mateo 0-0: Ground out 6-3 (Groundball, P, EV 83.8 MPH)
César Cantú to third
Honório Barracho to second
Batting: RHB Víctor Sánchez 0-0: Ball
1-0: Called Strike
1-1: Ball
2-1: Foul Ball, location: 7LDF
2-2: Ball
3-2: Base on Balls
Batting: RHB Jeff Lee 0-0: Called Strike
0-1: Fly out, F5 (Popup, 5D, EV 51.3 MPH)
Top of the 2nd over - 1 run, 2 hits, 0 errors, 3 left on base; Harrisburg 1 - Portland 0
BOTTOM OF THE 2ND
Portland Sea Dogs batting - Pitching for Harrisburg Senators : RHP Tim Bailey
Batting: LHB Ron Peden 0-0: Called Strike
0-1: Ball
1-1: Ball
2-1: Swinging Strike
2-2: Ball
3-2: Base on Balls
Batting: SHB Zach Simpson 0-0: Fielders Choice at 2nd, 4-6 (Groundball, 34, EV 81.9 MPH)
Batting: SHB Rubén Díaz 0-0: Ball
1-0: Ball
2-0: Ball
3-0: Base on Balls
Zach Simpson to second
Batting: RHB Jeff Clark 0-0: Ball
1-0: Foul Ball, location: 23FF
1-1: Fielders Choice at 2nd, 6-4 (Groundball, 56, EV 104.4 MPH)
Zach Simpson to third
Batting: RHB Dani Lópes 0-0: Fly out, F8 (Flyball, 8LD, EV 104.4 MPH)
Bottom of the 2nd over - 0 runs, 0 hits, 0 errors, 2 left on base; Harrisburg 1 - Portland 0
TOP OF THE 3RD
Harrisburg Senators batting - Pitching for Portland Sea Dogs : RHP António Martínez
Batting: RHB Enrico Rodríguez 0-0: Ball
1-0: Foul Ball, location: 25F
1-1: SINGLE (Groundball, 6MD, EV 93.8 MPH)
Batting: RHB Esteban Gonzáles 0-0: Ball
1-0: Ball
2-0: Called Strike
2-1: Foul Ball, location: 2F
2-2: DOUBLE (Line Drive, 9LM, EV 108.1 MPH)
Enrico Rodríguez to third
Batting: LHB Josh Battle 0-0: Foul Ball, location: 7LMF
0-1: Ball
1-1: Foul Ball, location: 2F
1-2: Ball
2-2: Ball
3-2: Foul Ball, location: 2F
3-2: Base on Balls
Batting: RHB Stan Boone 0-0: Ball
1-0: TRIPLE (Line Drive, 78XD, EV 102.5 MPH)
Enrico Rodríguez scores
Esteban Gonzáles scores
Josh Battle scores
Batting: LHB César Cantú 0-0: Called Strike
0-1: Ground out 4-3 (Groundball, 4, EV 86.9 MPH)
Batting: RHB Honório Barracho 0-0: Ball
1-0: Ball
2-0: Swinging Strike
2-1: Ball
3-1: Swinging Strike
3-2: Strikes out looking
Batting: RHB Juan Mateo 0-0: Ground out 6-3 (Groundball, 6, EV 101.3 MPH)
Top of the 3rd over - 3 runs, 3 hits, 0 errors, 1 left on base; Harrisburg 4 - Portland 0
BOTTOM OF THE 3RD
Portland Sea Dogs batting - Pitching for Harrisburg Senators : RHP Tim Bailey
Batting: RHB Víctor Morales 0-0: Swinging Strike
0-1: Ball
1-1: Called Strike
1-2: Ball
2-2: Fly out, F8 (Flyball, 8LM, EV 83.8 MPH)
Batting: RHB Donnie Perry 0-0: Ball
1-0: Foul Ball, location: 25F
1-1: Foul Ball, location: 9LSF
1-2: Hit by Pitch
Batting: LHB Dave Duarte 0-0: Called Strike
Donnie Perry is caught stealing 2nd base 2-6
0-1: Fly out, F2 (Popup, 2LF, EV 92.5 MPH)
Bottom of the 3rd over - 0 runs, 0 hits, 0 errors, 0 left on base; Harrisburg 4 - Portland 0
TOP OF THE 4TH
Harrisburg Senators batting - Pitching for Portland Sea Dogs : RHP António Martínez
Batting: RHB Víctor Sánchez 0-0: Foul Ball, location: 2F
0-1: Swinging Strike
0-2: Foul Ball, location: 3DF
0-2: Strikes out looking
Batting: RHB Jeff Lee 0-0: Ball
1-0: Fly out, F8 (Flyball, 8RXD, EV 98.8 MPH)
Batting: RHB Enrico Rodríguez 0-0: Called Strike
0-1: Swinging Strike
0-2: Fly out, F9 (Flyball, 9, EV 98.1 MPH)
Top of the 4th over - 0 runs, 0 hits, 0 errors, 0 left on base; Harrisburg 4 - Portland 0
BOTTOM OF THE 4TH
Portland Sea Dogs batting - Pitching for Harrisburg Senators : RHP Tim Bailey
Batting: LHB Wally Hess 0-0: Swinging Strike
0-1: Foul Ball, location: 5F
0-2: Ball
1-2: Ball
2-2: Strikes out swinging
Batting: LHB Ron Peden 0-0: Called Strike
0-1: Fly out, F7 (Flyball, 7, EV 91.9 MPH)
Batting: SHB Zach Simpson 0-0: Ground out 4-3 (Groundball, 4, EV 87.5 MPH)
Bottom of the 4th over - 0 runs, 0 hits, 0 errors, 0 left on base; Harrisburg 4 - Portland 0
TOP OF THE 5TH
Harrisburg Senators batting - Pitching for Portland Sea Dogs : RHP António Martínez
Batting: RHB Esteban Gonzáles 0-0: Called Strike
0-1: Fly out, F9 (Flyball, 89D, EV 103.1 MPH)
Batting: LHB Josh Battle 0-0: Swinging Strike
0-1: Ball
1-1: Ball
2-1: SINGLE (Groundball, 4, EV 104.4 MPH) (infield hit)
Batting: RHB Stan Boone 0-0: Ball
1-0: Ball
2-0: Foul Ball, location: 2F
2-1: Ball
3-1: Base on Balls
Josh Battle to second
Batting: LHB César Cantú 0-0: Foul Ball, location: 3F
0-1: Ball
1-1: Foul Ball, location: 9LSFF
1-2: Strikes out looking
Batting: RHB Honório Barracho 0-0: Called Strike
0-1: Ball
1-1: Ball
2-1: Ball
3-1: Foul Ball, location: 5F
3-2: DOUBLE (Line Drive, 7LD, EV 107.5 MPH)
Josh Battle scores
Stan Boone to third
Stan Boone scores
Pitching: LHP Zach Buckner
Batting: RHB Juan Mateo 0-0: Ball
1-0: Called Strike
1-1: Fly out, F8 (Flyball, 8LD, EV 105.6 MPH)
Top of the 5th over - 2 runs, 2 hits, 0 errors, 1 left on base; Harrisburg 6 - Portland 0
BOTTOM OF THE 5TH
Portland Sea Dogs batting - Pitching for Harrisburg Senators : RHP Tim Bailey
Batting: SHB Rubén Díaz 0-0: Foul Ball, location: 23F
0-1: Foul Ball, location: 25F
0-2: Ground out 6-3 (Groundball, 4MS, EV 69.4 MPH)
Batting: RHB Jeff Clark 0-0: Ball
1-0: Foul Ball, location: 3SF
1-1: Foul Ball, location: 2F
1-2: Fly out, F6 (Popup, 6S, EV 73.1 MPH)
Batting: RHB Dani Lópes 0-0: Ground out 6-3 (Groundball, 6, EV 88.8 MPH)
Bottom of the 5th over - 0 runs, 0 hits, 0 errors, 0 left on base; Harrisburg 6 - Portland 0
TOP OF THE 6TH
Harrisburg Senators batting - Pitching for Portland Sea Dogs : LHP Zach Buckner
Batting: RHB Víctor Sánchez 0-0: Ball
1-0: Ball
2-0: Foul Ball, location: 2F
2-1: Called Strike
2-2: Foul Ball, location: 3SF
2-2: Ball
3-2: Base on Balls
Batting: RHB Jeff Lee 0-0: Ball
1-0: Grounds into double play, 5-4-3 (Groundball, 56, EV 103.8 MPH)
Batting: RHB Enrico Rodríguez 0-0: Ball
1-0: Ball
2-0: Called Strike
2-1: Fly out, F9 (Flyball, 9LS, EV 81.9 MPH)
Top of the 6th over - 0 runs, 0 hits, 0 errors, 0 left on base; Harrisburg 6 - Portland 0
BOTTOM OF THE 6TH
Portland Sea Dogs batting - Pitching for Harrisburg Senators : RHP Tim Bailey
Batting: RHB Víctor Morales 0-0: Swinging Strike
0-1: Fly out, F4 (Line Drive, 4, EV 70.0 MPH)
Batting: RHB Donnie Perry 0-0: Ball
1-0: Foul Ball, location: 7LDF
1-1: Ball
2-1: Ball
3-1: Foul Ball, location: 23F
3-2: Base on Balls
Batting: LHB Dave Duarte 0-0: Ball
1-0: Ball
2-0: Foul Ball, location: 9LDF
2-1: Foul Ball, location: 2F
2-2: Foul Ball, location: 3FF
2-2: SINGLE (Line Drive, 8LS, EV 98.8 MPH)
Donnie Perry to second
Batting: LHB Wally Hess 0-0: Ball
1-0: Ball
2-0: Called Strike
2-1: Ball
3-1: Base on Balls
Donnie Perry to third
Dave Duarte to second
Batting: LHB Ron Peden 0-0: Called Strike
0-1: Ground out 4-3 (Groundball, 4MD, EV 103.8 MPH)
Donnie Perry scores
Dave Duarte to third
Wally Hess to second
Batting: SHB Zach Simpson 0-0: Ball
1-0: Ball
2-0: Ground out 4-3 (Groundball, 34D, EV 108.1 MPH)
Bottom of the 6th over - 1 run, 1 hit, 0 errors, 2 left on base; Harrisburg 6 - Portland 1
TOP OF THE 7TH
Harrisburg Senators batting - Pitching for Portland Sea Dogs : LHP Zach Buckner
Batting: RHB Esteban Gonzáles 0-0: Ball
1-0: Ball
2-0: Foul Ball, location: 23F
2-1: Ball
3-1: Called Strike
3-2: Foul Ball, location: 2F
3-2: Strikes out looking
Batting: LHB Josh Battle 0-0: Ball
1-0: Called Strike
1-1: Ball
2-1: Swinging Strike
2-2: Ground out 3-1 (Groundball, 34S, EV 86.3 MPH)
Batting: RHB Stan Boone 0-0: Ball
1-0: Fly out, F8 (Flyball, 8LD, EV 89.4 MPH)
Top of the 7th over - 0 runs, 0 hits, 0 errors, 0 left on base; Harrisburg 6 - Portland 1
BOTTOM OF THE 7TH
Portland Sea Dogs batting - Pitching for Harrisburg Senators : RHP Tim Bailey
Batting: SHB Rubén Díaz 0-0: Ball
1-0: Ball
2-0: Called Strike
2-1: Fly out, F7 (Flyball, 7, EV 99.4 MPH)
Batting: RHB Jeff Clark 0-0: Ball
1-0: Ball
2-0: Foul Ball, location: 9LSF
2-1: Fly out, F8 (Flyball, 8RD, EV 87.5 MPH)
Batting: RHB Dani Lópes 0-0: Foul Ball, location: 5FF
0-1: Foul Ball, location: 2F
0-2: Foul Ball, location: 2F
0-2: Ground out 6-3 (Groundball, 56, EV 75.6 MPH)
Bottom of the 7th over - 0 runs, 0 hits, 0 errors, 0 left on base; Harrisburg 6 - Portland 1
TOP OF THE 8TH
Harrisburg Senators batting - Pitching for Portland Sea Dogs : LHP Zach Buckner
Batting: LHB César Cantú 0-0: Called Strike
0-1: Ball
1-1: Called Strike
1-2: Ball
2-2: Fly out, F6 (Popup, 6M, EV 43.1 MPH)
Batting: RHB Honório Barracho 0-0: Fly out, F9 (Flyball, 9, EV 90.6 MPH)
Batting: RHB Juan Mateo 0-0: Ball
1-0: Foul Ball, location: 2F
1-1: Called Strike
1-2: SINGLE (Groundball, 34D, EV 96.9 MPH)
Batting: RHB Víctor Sánchez 0-0: Called Strike
Juan Mateo steals 2nd base
0-1: Called Strike
0-2: Strikes out swinging
Top of the 8th over - 0 runs, 1 hit, 0 errors, 1 left on base; Harrisburg 6 - Portland 1
BOTTOM OF THE 8TH
Portland Sea Dogs batting - Pitching for Harrisburg Senators : RHP Tim Bailey
Batting: RHB Víctor Morales 0-0: Fly out, F7 (Flyball, 78S, EV 82.5 MPH)
Batting: RHB Donnie Perry 0-0: Ball
1-0: Foul Ball, location: 2F
1-1: Fly out, F4 (Popup, 4S, EV 58.8 MPH)
Batting: LHB Dave Duarte 0-0: Called Strike
0-1: Called Strike
0-2: Ball
1-2: Ground out 4-3 (Groundball, 4, EV 82.5 MPH)
Bottom of the 8th over - 0 runs, 0 hits, 0 errors, 0 left on base; Harrisburg 6 - Portland 1
TOP OF THE 9TH
Harrisburg Senators batting - Pitching for Portland Sea Dogs : LHP Zach Buckner
Batting: RHB Jeff Lee 0-0: Foul Ball, location: 3F
0-1: Called Strike
0-2: Ball
1-2: Fly out, F9 (Flyball, 89S, EV 88.1 MPH)
Batting: RHB Enrico Rodríguez 0-0: Called Strike
0-1: Ball
1-1: Ball
2-1: Fly out, F5 (Popup, 5SF, EV 78.1 MPH)
Batting: RHB Esteban Gonzáles 0-0: Ball
1-0: Ball
2-0: Ball
3-0: Called Strike
3-1: Foul Ball, location: 2F
3-2: Foul Ball, location: 2F
3-2: Foul Ball, location: 9LDF
3-2: Base on Balls
Pinch Hitting: RHB Robinson Flores 0-0: Foul Ball, location: 5F
0-1: Ground out 1-3 (Groundball, 13S, EV 62.5 MPH)
Top of the 9th over - 0 runs, 0 hits, 0 errors, 1 left on base; Harrisburg 6 - Portland 1
BOTTOM OF THE 9TH
Portland Sea Dogs batting - Pitching for Harrisburg Senators : RHP Tim Bailey
Pitching: RHP Víctor Trujillo
Now in RF: Robinson Flores
Batting: LHB Wally Hess 0-0: Called Strike
0-1: SOLO HOME RUN (Flyball, 9D, EV 94.4 MPH), Distance : 381 ft
Batting: LHB Ron Peden 0-0: Ball
1-0: Ball
2-0: Ball
3-0: Base on Balls
Batting: SHB Zach Simpson 0-0: Called Strike
0-1: Ball
1-1: Ball
2-1: Swinging Strike
2-2: Strikes out swinging
Batting: SHB Rubén Díaz 0-0: Ball
1-0: Ball
2-0: Ball
3-0: Called Strike
3-1: Grounds into double play, 6-4-3 (Groundball, 6, EV 86.3 MPH)
Bottom of the 9th over - 1 run, 1 hit, 0 errors, 0 left on base; Harrisburg 6 - Portland 2
Friday, May 3rd , 2024 - OOTP Baseball 24.10 Build 82